 Dungeon Sprint DCSS version 0.31.0-32-g396128a36d (webtiles) character file.

Game seed: 14344752990861074833

1424 Heoruswealwe the Impaler (level 8, -1/83 HPs)
             Began as a Minotaur Fighter on Mar 21, 2024.
             Was an Initiate of Gozag.
             Slain by an unseen horror (9 damage)
             ... in the Dungeon (Sprint IX: "|||||||||||||||||||||||||||||").
             The game lasted 00:03:13 (263 turns).

Heoruswealwe the Impaler (Minotaur Fighter)          Turns: 263, Time: 00:03:13

Health: -1/83      AC: 13    Str: 25    XL:     8   Next: 44%
Magic:  7/7        EV: 10    Int:  5    God:    Gozag
Gold:   792        SH:  0    Dex: 11    Spells: 7/7 levels left

rFire   + + .        b - +2 halberd of the Unspeakable One {speed, rElec rF++ Will+}
rCold   . . .        (shield currently unavailable)
rNeg    . . .        c - +2 ring mail
rPois   .            (helmet restricted)
rElec   +            h - +0 cloak
rCorr   .            (no gloves)
SInv    .            (no boots)
Will    +....        (no amulet)
Stlth   +            k - +3 ring of strength
HPRegen 0.33/turn    j - +2 ring of protection
MPRegen 0.10/turn

%: no teleportation
@: gold aura, fragile (+50% incoming damage)
A: horns 2, retaliatory headbutt
a: Renounce Religion, Potion Petition, Call Merchant, Bribe Branch


You were in the Dungeon.
You worshipped Gozag.
Gozag was pleased with you.
You visited 1 branch You collected 792 gold pieces.

Inventory:

Hand Weapons
 a - a +0 trident
 b - the +2 halberd of the Unspeakable One (weapon) {speed, rElec rF++ Will+}
   (You found it in the Dungeon)

   rF++:      It greatly protects you from fire.
   rElec:     It insulates you from electricity.
   Will+:     It increases your willpower.
Armour
 c - a +2 ring mail (worn)
 d - a +0 buckler
 h - a +0 cloak (worn)
Jewellery
 j - a +2 ring of protection (right hand)
 k - a +3 ring of strength (left hand)
Wands
 l - a wand of light (10)
Scrolls
 n - 2 scrolls of blinking
Potions
 e - 5 potions of curing
 f - 3 potions of heal wounds
 g - a potion of haste
 i - a potion of berserk rage
 m - a potion of might


   Skills:
 + Level 11.9 Fighting
 * Level 15.8 Polearms
 + Level 11.9 Armour
 - Level 3.6 Shields


You had 7 spell levels left.
You didn't know any spells.
Your spell library was empty.

Dungeon Overview and Level Annotations

Branches:
Dungeon (1/1)

Altars:
Cheibriados
Dithmenos
Elyvilon
Fedhas
Gozag
Hepliaklqana
Kikubaaqudgha
Makhleb
Nemelex Xobeh
Okawaru
Qazlal
Ru
Sif Muna
Trog
Uskayaw
Vehumet
Wu Jian
Xom
Yredelemnul
Zin
The Shining One
Jiyva
Lugonu


Innate Abilities, Weirdness & Mutations

You have a pair of horns on your head.
You reflexively headbutt those who attack you in melee.


Message History

You are knocked back by the lance of force.
You impale the arcanist!!
You kill the arcanist!
The deep elf pyromancer casts a spell.
Your Fighting skill increases to level 11!
Your Polearms skill increases to level 15!
Your Armour skill increases to level 11!
You have reached level 8!
You feel agile.
The deep elf pyromancer gestures wildly while chanting.
The wraith closely misses you.
Things that are here:
63 gold pieces; a +0 dagger; a +0 robe You slice the wraith!!
The wraith is severely damaged.
You hit the wraith.
The wraith is severely damaged.
You impale the wraith!!
You destroy the wraith!
The deep elf pyromancer is distracted by your dazzling golden aura.
The troll is distracted by your dazzling golden aura.
You see here 63 gold pieces.
Deactivating autopickup; reactivate with Ctrl-A.
You closely miss something.
The deep elf pyromancer shouts!
You puncture something! You headbutt something!
The troll is no longer distracted by gold.
The deep elf pyromancer is no longer distracted by gold.
Something hits you but does no damage.
The deep elf pyromancer casts a spell at you.
The bolt of fire hits the fire elemental.
The fire elemental completely resists.
The bolt of fire misses the fire elemental.
The bolt of fire hits you. You resist.
* * * LOW HITPOINT WARNING * * *
The centaur is distracted by your dazzling golden aura.
The centaur shouts!
You barely miss something. Something hits you.
You die...
Your body crumbles into a pile of gold. ▓▓▓▓▓▓▓▓▓▓▓▓▓▓▓▓▓▓▓▓▓▓▓▓▓▓ __'!?)[[....)..$@{EEeTc.cc ▓▓▓▓▓▓▓▓▓▓▓▓▓▓▓▓▓▓▓▓▓▓▓▓▓▓

You could see a deep elf pyromancer, a troll, 2 fire elementals and a centaur.

Vanquished Creatures
  An arcanist (D)
  A wyvern (D)
  A wraith (D)
  3 yaks (D)
  A kobold brigand (D)
  A scorpion (D)
  A killer bee (D)
  A hound (D)
  2 dart slugs (D)
  An orc (D)
  A ball python (D)
  A hobgoblin (D)
  A jackal (D)
  A kobold (D)
  A rat (D)
18 creatures vanquished.

Notes
Turn   | Place    | Note
-------+----------+-------------------------------------------
     0 | D        | Heoruswealwe the Minotaur Fighter began the quest for the
                  | Orb.
     0 | D        | Reached XP level 1. HP: 19/19 MP: 0/0
     7 | D        | Reached skill level 3 in Polearms
    13 | D        | Reached skill level 4 in Polearms
    30 | D        | Noticed a scorpion
    30 | D        | Noticed a hound
    35 | D        | Killed a scorpion
    36 | D        | Reached skill level 5 in Fighting
    36 | D        | Reached skill level 6 in Polearms
    36 | D        | Reached skill level 5 in Armour
    36 | D        | Reached XP level 2. HP: 30/30 MP: 1/1
    36 | D        | Reached XP level 3. HP: 37/37 MP: 2/2
    40 | D        | Reached skill level 7 in Polearms
    40 | D        | Reached XP level 4. HP: 38/45 MP: 3/3
    51 | D        | Found a snail-covered altar of Cheibriados.
    51 | D        | Found a shadowy altar of Dithmenos.
    51 | D        | Found a white marble altar of Elyvilon.
    51 | D        | Found a blossoming altar of Fedhas.
    51 | D        | Found an opulent altar of Gozag.
    52 | D        | Found a hazy altar of Hepliaklqana.
    53 | D        | Found a viscous altar of Jiyva.
    54 | D        | Found an ancient bone altar of Kikubaaqudgha.
    55 | D        | Found a corrupted altar of Lugonu.
    56 | D        | Found a burning altar of Makhleb.
    57 | D        | Found a sparkling altar of Nemelex Xobeh.
    58 | D        | Found an iron altar of Okawaru.
    59 | D        | Found a stormy altar of Qazlal.
    61 | D        | Became a worshipper of Gozag Ym Sagoz the Greedy
    63 | D        | Found a sacrificial altar of Ru.
    64 | D        | Found a shimmering blue altar of Sif Muna.
    65 | D        | Found a bloodstained altar of Trog.
    66 | D        | Found a hide-covered altar of Uskayaw.
    67 | D        | Found a radiant altar of Vehumet.
    68 | D        | Found an ornate altar of the Wu Jian Council.
    69 | D        | Found a shimmering altar of Xom.
    70 | D        | Found a basalt altar of Yredelemnul.
    71 | D        | Found a glowing silver altar of Zin.
    72 | D        | Found a glowing golden altar of the Shining One.
    89 | D        | Got the +2 halberd of the Unspeakable One {speed, rElec
                  | rF++ Will+}
   152 | D        | Noticed a yak
   152 | D        | Noticed a yak
   152 | D        | Noticed a yak
   152 | D        | Noticed a wyvern
   152 | D        | Noticed a kobold brigand
   158 | D        | Killed a yak
   159 | D        | Reached skill level 10 in Polearms
   159 | D        | Reached XP level 5. HP: 51/53 MP: 4/4
   161 | D        | Killed a yak
   162 | D        | Reached skill level 11 in Polearms
   162 | D        | Reached XP level 6. HP: 50/63 MP: 5/5
   166 | D        | Killed a yak
   167 | D        | Reached skill level 12 in Polearms
   167 | D        | Reached XP level 7. HP: 47/71 MP: 6/6
   168 | D        | Killed a wyvern
   169 | D        | Reached skill level 10 in Fighting
   169 | D        | Reached skill level 13 in Polearms
   169 | D        | Reached skill level 10 in Armour
   177 | D        | Reached skill level 14 in Polearms
   245 | D        | Noticed an arcanist
   245 | D        | Noticed a wraith
   245 | D        | Noticed a troll
   245 | D        | Noticed a deep elf pyromancer
   255 | D        | Killed an arcanist
   256 | D        | Reached skill level 15 in Polearms
   256 | D        | Reached XP level 8. HP: 13/82 MP: 7/7
   263 | D        | Slain by an unseen horror

Illustrated notes

Levels and vault maps discovered:
D:        linesprint [early_d, line_temple, items_1, d_10, items_2, lair_1,
          lair_end, items_3, orc_1, orc_end, items_4, d_15, swamp_1, shoals_1,
          snake_1, spider_1, d_20, vaults_1, items_5, swamp_end, shoals_end,
          snake_end, spider_end, vaults_end, d_27, items_6, zot_1, zot_end,
          crypt_end, forest_end, elf_end, slime_end, tomb_end, abyss_end,
          pan_hell_end]

Skill      XL: |  1  2  3  4  5  6  7 |
---------------+----------------------+-----
Polearms       | 6 7 10 11 12 15 | 15.8
Fighting       | 5 6 8 9 11 | 11.9
Armour         | 5 6 8 9 11 | 11.9
Shields        | |  3.6

Action                     |  1- 3 |  4- 6 |  7- 9 || total
---------------------------+-------+-------+-------++-------
  Melee: Trident           |    18 |     5 |       ||    23
         Headbutt          |     5 |     4 |     2 ||    11
         Halberd           |       |    14 |    19 ||    33
   Stab: Distracted        |       |       |     1 ||     1
 Armour: Scale mail        |    10 |     2 |       ||    12
         Ring mail         |       |     5 |     6 ||    11
  Dodge: Dodged            |     7 |     4 |     2 ||    13
  Block: Buckler           |     3 |       |       ||     3
